AoeStats
← cdlm

Arena

509713256Analyzed
1v1 RM · 6d ago on Sep 27, 2026· 21m 18s· 2 players
Game mode
Random Map
Map size
Tiny (2 player)
Population
200
Speed
Normal
Resources
Standard
Victory
Conquest
Starting age
Dark Age
Ending age
Imperial Age
RankedLock teamsTeams togetherTeam positionsShared explorationLock speedFull tech treeHidden civsTurbo modeCheats
Victory
Defeat
🇲🇽 Malay · Mexico
709
+16
🇨🇱 Celts · Chile
701
-16
cdlm
7:08 Loom
10:48 Feudal Age
11:30 Town Watch
12:10 Double-Bit Axe
12:08 Horse Collar
14:45 Wheelbarrow
15:15 Gold Mining
18:30 Castle Age
21:22 Bow Saw
21:18 Town Patrol
21:11 Stone Mining
DiegoIBGZ
9:43 Feudal Age
9:47 Loom
12:02 Double-Bit Axe
18:29 Castle Age
Connection lost

Rejoining the realm…

Still unreachable

The connection could not be restored.

Session expired

The server has moved on; the page needs a fresh start.